AoeStats
← A silly fella

Black Forest

510558281Analyzed
4v4 RM · 2d ago on Oct 1, 2026· 47m 23s· 8 players
Game mode
Random Map
Map size
Large (8 player)
Population
200
Speed
Normal
Resources
Standard
Victory
Conquest
Starting age
Dark Age
Ending age
Imperial Age
RankedLock teamsTeams togetherTeam positionsShared explorationLock speedFull tech treeHidden civsTurbo modeCheats
Victory
Defeat
🇪🇸 Khmer · Spain
1020
+16
🇩🇪 Koreans · Germany
1010
+17
🇪🇸 Dravidians · Spain
1003
+17
🇩🇪 Italians · Germany
955
+18
🇻🇳 Celts · Vietnam
1053
-18
🇧🇷 Varangians · Brazil
1046
-18
🇭🇰 Hindustanis · Hong Kong SAR China
993
-16
🇨🇦 Turks · Canada
992
-16
Ubric21
12:40 Feudal Age
13:30 Horse Collar
16:38 Castle Age
14:34 Double-Bit Axe
18:26 Heavy Plow
22:36 Bow Saw
25:07 Wheelbarrow
24:42 Loom
25:24 Fervor
25:58 Gold Mining
25:59 Stone Mining
27:45 Gold Shaft Mining
27:45 Stone Shaft Mining
31:16 Imperial Age
30:23 Hand Cart
31:47 Ballistics
31:39 Masonry
31:55 Husbandry
32:06 Bloodlines
32:06 Scale Barding Armor
32:11 Forging
31:52 Fletching
32:00 Town Watch
31:57 Elite Battle Elephant
33:43 Chain Barding Armor
34:13 Iron Casting
33:40 Heavy Scorpion
35:12 Plate Barding Armor
34:34 Bodkin Arrow
36:11 Light Cavalry
40:11 Chemistry
39:17 Siege Engineers
41:28 Hussar
Walls vs Zombies 2009
1:00 Loom
13:00 Feudal Age
13:46 Double-Bit Axe
14:37 Fishing Lines
17:23 Castle Age
21:44 Horse Collar
24:09 Wheelbarrow
24:30 Bow Saw
25:53 Hand Cart
25:33 Gold Mining
30:43 Imperial Age
28:49 Ballistics
29:01 Fletching
29:15 Scale Mail Armor
29:27 Masonry
29:50 Gillnets
30:40 Fortified Wall
30:12 Treadmill Crane
31:32 Siege Engineers
32:28 Chemistry
32:01 Bodkin Arrow
32:21 Chain Mail Armor
32:16 Forging
33:18 Two-Man Saw
32:18 Pikeman
32:59 Squires
33:36 Conscription
34:33 Plate Mail Armor
34:38 Iron Casting
34:38 Architecture
33:44 Halberdier
35:32 Gold Shaft Mining
34:48 Stone Mining
35:00 Heavy Plow
35:32 Bracer
35:27 Heavy Rocket Cart
36:28 Guilds
38:28 Shinkichon
38:16 Thumb Ring
37:37 Elite Skirmisher
38:18 Crossbowman
39:03 Eupseong
40:43 Arbalester
44:31 Coinage
47:21 Banking
Pitijan
0:35 Loom
12:58 Feudal Age
13:24 Double-Bit Axe
14:16 Wheelbarrow
13:24 Horse Collar
20:47 Castle Age
19:23 Stone Mining
21:32 Heavy Plow
21:49 Bow Saw
21:57 Hand Cart
25:59 Gold Mining
33:29 Imperial Age
30:33 Elite Skirmisher
32:03 Pikeman
33:24 Squires
35:42 Fletching
35:53 Padded Archer Armor
36:57 Thumb Ring
36:47 Onager
39:39 Chemistry
39:00 Ballistics
39:35 Bodkin Arrow
39:55 Leather Archer Armor
39:51 Forging
40:00 Masonry
41:50 Bracer
43:07 Conscription
42:25 Halberdier
44:15 Town Watch
A silly fella
0:28 Loom
11:12 Feudal Age
11:39 Double-Bit Axe
15:52 Horse Collar
18:05 Wheelbarrow
20:45 Castle Age
19:04 Gold Mining
26:30 Stone Mining
31:56 Hand Cart
32:13 Bow Saw
33:34 Stone Shaft Mining
36:11 Imperial Age
33:49 Heavy Plow
33:51 Padded Archer Armor
33:43 Fletching
34:36 Ballistics
34:01 Treadmill Crane
34:42 Ballistics
34:19 Town Watch
36:28 Leather Archer Armor
38:04 Chemistry
38:05 Ring Archer Armor
38:13 Conscription
38:04 Pirotechnia
38:31 Crop Rotation
39:04 Two-Man Saw
41:35 Murder Holes
41:28 Arrowslits
41:54 Masonry
42:42 Bombard Tower
42:38 Masonry
43:11 Hoardings
44:47 Coinage
Makaveli
0:27 Loom
14:59 Feudal Age
15:42 Double-Bit Axe
15:39 Fishing Lines
15:58 Stone Mining
22:25 Castle Age
22:38 Gold Mining
23:53 Bow Saw
24:24 Wheelbarrow
24:20 Gillnets
27:53 Imperial Age
27:02 Gold Shaft Mining
26:53 Hand Cart
30:39 Artillery
34:39 Elite Janissary
36:59 Horse Collar
46:54 Conscription
chu_yuen_ming
0:28 Loom
12:14 Feudal Age
14:18 Double-Bit Axe
17:39 Castle Age
15:40 Horse Collar
20:29 Bow Saw
22:18 Heavy Plow
26:18 Wheelbarrow
26:43 Fletching
27:40 Fishing Lines
31:42 Imperial Age
30:14 Grand Trunk Road
30:48 Town Watch
31:14 Bodkin Arrow
33:27 Two-Man Saw
33:40 Chemistry
33:07 Conscription
34:15 Hoardings
35:08 Hand Cart
35:01 Bracer
35:02 Gold Mining
36:05 Fortified Wall
36:16 Ballistics
37:28 Padded Archer Armor
38:05 Siege Engineers
38:21 Shatagni
38:54 Squires
39:14 Leather Archer Armor
41:29 Gold Shaft Mining
40:56 Heavy Cavalry Archer
42:31 Scale Barding Armor
42:37 Forging
42:58 Ring Archer Armor
43:47 Husbandry
43:58 Bloodlines
danilomaxxcuritiba
10:27 Feudal Age
10:56 Double-Bit Axe
11:54 Horse Collar
13:10 Wheelbarrow
13:46 Fishing Lines
18:30 Castle Age
19:17 Gillnets
20:10 Bow Saw
23:22 Horse Collar
24:46 Heavy Plow
28:52 Imperial Age
27:15 Hand Cart
26:46 Loom
27:48 Gold Mining
27:49 Stone Mining
28:57 Treadmill Crane
30:04 Caravan
32:22 Two-Man Saw
32:31 Bloodlines
31:42 Light Cavalry
32:52 Scale Barding Armor
32:58 Forging
32:39 Fletching
32:44 Town Watch
34:15 Chemistry
33:40 Ballistics
33:16 Murder Holes
35:23 Conscription
34:25 Gothikon
36:07 Chain Barding Armor
36:09 Husbandry
36:20 Hussar
38:18 Crop Rotation
38:05 Masonry
38:49 Vendel Legacy
39:34 Elite Jarl
42:00 Heavy Mounted Crossbowman
42:01 Cranequins
nguyen.tranchk32.dlu
4:06 Loom
13:09 Feudal Age
14:31 Double-Bit Axe
15:29 Wheelbarrow
19:18 Castle Age
17:19 Horse Collar
22:52 Bow Saw
25:25 Heavy Plow
25:59 Fishing Lines
27:19 Hand Cart
32:38 Imperial Age
31:42 Scale Mail Armor
33:00 Chain Mail Armor
33:16 Onager
36:08 Plate Mail Armor
35:36 Arson
35:27 Elite Woad Raider
36:09 Caravan
36:37 Pikeman
38:36 Forging
37:55 Halberdier
39:14 Town Watch
43:16 Iron Casting
Connection lost

Rejoining the realm…

Still unreachable

The connection could not be restored.

Session expired

The server has moved on; the page needs a fresh start.